details: 'we had tks'

« prev index next »

General information

Mini Map

Players

team 1
NightElfQrtsdhasidushai (blue | 84 APM | 1514 actions | 18:01)
Hero icon 4 Demon Hunter
Ability icon 2 Mana Burn
Ability icon 2 Evasion
Hero icon 2 Warden
Ability icon 1 Shadow Strike
Ability icon 1 Blink

» actions
Assign group hotkey30
Basic commands139
Build / train86
ESC pressed3
Enter build submenu19
Enter hero's abilities submenu6
Right click439
Select / deselect583
Select group hotkey114
Use ability95
1514 total
» units
Wisp24
Archer36
Hippogryph11
71 total
» upgrades
Improved Bows1
Hippogryph Taming1
2 total
» buildings
Moon Well9
Altar of Elders1
Ancient of War3
Tree of Life1
Tree of Ages1
Ancient of Wind3
18 total
» build order
00:36 Moon Well
01:02 Moon Well
01:03 Moon Well
01:56 Altar of Elders
02:47 Ancient of War
03:01 Ancient of War
03:04 Ancient of War
03:16 Moon Well
03:54 Tree of Life
06:43 Tree of Ages
08:11 Moon Well
08:12 Moon Well
08:13 Moon Well
08:13 Moon Well
08:19 Moon Well
09:12 Ancient of Wind
09:26 Ancient of Wind
09:40 Ancient of Wind
Random» UndeadEdEddNEddy (green | 31 APM | 556 actions | 18:05)
Hero icon 4 Lich
Ability icon 2 Frost Nova
Ability icon 2 Frost Armor

» actions
Assign group hotkey6
Build / train38
Enter build submenu17
Enter hero's abilities submenu4
Remove unit from queue2
Right click328
Select / deselect124
Select group hotkey10
Use ability27
556 total
» units
Acolyte2
Ghoul2
Crypt Fiend12
Frost Wyrm8
24 total
» buildings
Altar of Darkness1
Crypt1
Ziggurat8
Graveyard1
Spirit Tower5
Halls of the Dead1
Black Citadel1
Sacrificial Pit1
Boneyard2
21 total
» build order
00:10 Altar of Darkness
00:14 Crypt
00:26 Ziggurat
01:31 Graveyard
02:16 Ziggurat
02:22 Ziggurat
03:36 Spirit Tower
03:43 Spirit Tower
04:25 Ziggurat
06:03 Halls of the Dead
06:21 Spirit Tower
06:59 Ziggurat
07:44 Ziggurat
08:25 Black Citadel
08:33 Sacrificial Pit
08:51 Spirit Tower
10:08 Ziggurat
10:51 Boneyard
11:01 Boneyard
11:09 Spirit Tower
16:12 Ziggurat
HumanNotHereLeaveMsg (purple | 16 APM | 292 actions | 18:15)

» actions
Basic commands29
Build / train4
Enter build submenu12
Right click135
Select / deselect92
Use ability20
292 total
» buildings
Altar of Kings1
Farm1
Lumber Mill3
Scout Tower6
Guard Tower3
Arcane Tower1
15 total
» build order
04:55 Altar of Kings
05:25 Farm
06:08 Lumber Mill
06:43 Lumber Mill
07:03 Scout Tower
07:38 Scout Tower
07:48 Guard Tower
08:11 Guard Tower
11:19 Scout Tower
11:45 Guard Tower
14:43 Scout Tower
14:56 Scout Tower
14:59 Scout Tower
15:13 Lumber Mill
16:33 Arcane Tower
Random» goldnuggetocrap (yellow | 8 APM | 150 actions | 18:15)

» actions
Basic commands2
ESC pressed2
Enter build submenu2
Right click108
Select / deselect34
Use ability2
150 total
» buildings
Altar of Storms1
1 total
» build order
03:25 Altar of Storms
team 2
Random» HumanI_Know_I_Know (pink | 41 APM | 751 actions | 18:15)
Hero icon 5 Archmage
Ability icon 2 Summon Water Elemental
Ability icon 3 Brilliance Aura
Hero icon 3 Paladin
Ability icon 2 Holy Light
Ability icon 1 Divine Shield

» actions
Assign group hotkey5
Basic commands1
Build / train54
Enter build submenu17
Enter hero's abilities submenu8
Give item / drop item1
Remove unit from queue5
Right click224
Select / deselect170
Select group hotkey215
Use ability51
751 total
» units
Peasant11
Rifleman10
Priest3
Spell Breaker1
Sorceress3
28 total
» upgrades
Armor2
Gunpowder2
Priest Training1
Sorceress Training1
Long Rifles1
7 total
» buildings
Altar of Kings1
Farm10
Barracks1
Scout Tower1
Arcane Tower2
Blacksmith1
Keep1
Arcane Vault1
Arcane Sanctum1
Lumber Mill1
20 total
» build order
03:24 Altar of Kings
03:27 Farm
04:03 Barracks
04:07 Scout Tower
04:53 Farm
05:02 Arcane Tower
05:02 Arcane Tower
05:47 Farm
06:01 Blacksmith
08:01 Keep
08:43 Arcane Vault
09:04 Farm
10:10 Farm
10:35 Farm
11:02 Arcane Sanctum
11:05 Lumber Mill
11:29 Farm
11:41 Farm
15:08 Farm
15:33 Farm
» items
Scroll of Town Portal1
1 total
Orcsunshine27 (orange | 26 APM | 481 actions | 18:15)
Hero icon 6 Shadow Hunter
Ability icon 2 Hex
Ability icon 3 Healing Wave
Ability icon 1 Big Bad Voodoo

» actions
Basic commands34
Build / train68
Enter build submenu15
Enter hero's abilities submenu6
Right click110
Select / deselect186
Use ability62
481 total
» units
Peon13
Grunt9
Troll Headhunter/Berserker1
Tauren5
Shaman5
Troll Witch Doctor1
34 total
» upgrades
Pillage1
Melee Weapons2
Armor1
Spiked Barricades1
Berserker Strength1
Shaman Training2
Pulverize1
Witch Doctor Training1
10 total
» buildings
Orc Burrow7
Altar of Storms1
Barracks1
War Mill1
Voodoo Lounge1
Stronghold1
Fortress1
Spirit Lodge1
Tauren Totem1
Great Hall1
16 total
» build order
00:05 Orc Burrow
00:07 Altar of Storms
01:05 Barracks
03:10 Orc Burrow
03:29 War Mill
04:16 Voodoo Lounge
05:22 Orc Burrow
07:00 Orc Burrow
07:07 Stronghold
07:54 Orc Burrow
09:05 Orc Burrow
09:47 Fortress
09:53 Spirit Lodge
11:05 Orc Burrow
12:11 Tauren Totem
12:36 Great Hall
» items
Staff of Teleportation1
Potion of Lesser Invulnerability2
Scroll of Protection2
Scroll of Town Portal2
Healing Salve1
Lesser Clarity Potion5
Potion of Healing1
Scroll of Speed1
15 total
Random» UndeadCoMMaNdErHeXeS (red | 30 APM | 549 actions | 18:15)
Hero icon 4 Death Knight
Ability icon 2 Death Coil
Ability icon 2 Unholy Aura
Hero icon 3 Lich
Ability icon 2 Frost Nova
Ability icon 1 Frost Armor
Hero icon 3 Crypt Lord
Ability icon 2 Spiked Carapace
Ability icon 1 Impale

» actions
Assign group hotkey8
Build / train41
Enter build submenu18
Enter hero's abilities submenu10
Right click264
Select / deselect159
Select group hotkey12
Use ability37
549 total
» units
Acolyte3
Ghoul2
Crypt Fiend9
Frost Wyrm4
18 total
» upgrades
Creature Attack3
Creature Carapace2
Web1
6 total
» buildings
Altar of Darkness1
Crypt1
Ziggurat8
Graveyard1
Tomb of Relics2
Halls of the Dead1
Black Citadel1
Sacrificial Pit2
Boneyard3
20 total
» build order
00:15 Altar of Darkness
00:20 Crypt
00:37 Ziggurat
01:05 Graveyard
01:40 Ziggurat
02:04 Tomb of Relics
02:09 Tomb of Relics
02:27 Ziggurat
04:23 Halls of the Dead
05:02 Ziggurat
07:31 Black Citadel
07:36 Sacrificial Pit
07:40 Sacrificial Pit
09:20 Ziggurat
11:27 Boneyard
11:29 Boneyard
11:32 Boneyard
12:52 Ziggurat
12:58 Ziggurat
13:00 Ziggurat
» items
Rod of Necromancy1
Boots of Speed1
2 total
Random» Undeadl0l1t4 (teal | 59 APM | 1083 actions | 18:15)
Hero icon 4 Crypt Lord
Ability icon 1 Carrion Beetles
Ability icon 2 Impale
Ability icon 1 Spiked Carapace
Hero icon 1 Lich
Ability icon 1 Frost Nova

» actions
Assign group hotkey31
Build / train54
ESC pressed5
Enter build submenu21
Enter hero's abilities submenu5
Give item / drop item1
Right click432
Select / deselect290
Select group hotkey182
Use ability62
1083 total
» units
Acolyte15
Ghoul2
Crypt Fiend13
30 total
» upgrades
Web1
1 total
» buildings
Ziggurat7
Crypt1
Altar of Darkness1
Graveyard2
Nerubian Tower2
Tomb of Relics1
Spirit Tower2
Necropolis2
Halls of the Dead1
Black Citadel1
Sacrificial Pit1
21 total
» build order
01:22 Ziggurat
01:29 Crypt
01:51 Altar of Darkness
02:15 Graveyard
02:19 Nerubian Tower
02:58 Ziggurat
03:07 Tomb of Relics
04:08 Spirit Tower
05:00 Ziggurat
05:51 Necropolis
06:07 Halls of the Dead
09:33 Black Citadel
09:43 Necropolis
10:31 Ziggurat
10:36 Sacrificial Pit
11:38 Ziggurat
11:40 Ziggurat
12:15 Graveyard
13:02 Spirit Tower
13:04 Nerubian Tower
14:26 Ziggurat
» items
Rod of Necromancy2
Scroll of Town Portal4
Potion of Healing2
Potion of Mana1
Orb of Corruption1
10 total

Chat log

(00:35 / All) sunshine27: cool market squares 2X in a row
(00:36 / All) EdEddNEddy: mass Acolyte rush
(00:49 / Allies) goldnuggetocrap: PEON SUPPORT
(00:52 / Allies) goldnuggetocrap: HITTING ALL 4
(00:53 / Allies) EdEddNEddy: hahaha
(01:00 / All) sunshine27: please dont rush me...i am afk
(01:12 / All) EdEddNEddy: your first acolytes otw
(01:37 / All) sunshine27: nooo u bad man u
(01:49 / All) EdEddNEddy: me so sorry
(02:00 / All) sunshine27: lol
(02:04 / All) EdEddNEddy: haha this is really happening
(02:13 / Allies) Qrtsdhasidushai: yellow go kill yourself
(02:18 / Allies) goldnuggetocrap: YOU'RE BAD
(02:22 / Allies) goldnuggetocrap: I DIDNT WANT TO PLAY WITH YOU
(02:27 / Allies) goldnuggetocrap: LOOK
(02:28 / All) sunshine27: confused peon thought it was a warrior
(02:30 / Allies) goldnuggetocrap: MAYBE YOU HAVE A CHANCE
(02:38 / Allies) Qrtsdhasidushai: /squelch goldnuggetocrap
(02:47 / Allies) goldnuggetocrap: OH NO
(02:50 / All) sunshine27: when he got the axe

(03:53 / All) sunshine27: this land is my land and my land is not your land

(05:04 / Allies) EdEddNEddy: purp wtf
(05:05 / Allies) NotHereLeaveMsg: tker
(05:09 / Allies) NotHereLeaveMsg: kill my peasant
(05:37 / All) EdEddNEddy: so dumb
(05:51 / All) EdEddNEddy: i shouldve never said that
(06:40 / All) sunshine27: find green and enslave all his acolytes
(07:10 / Allies) Qrtsdhasidushai: green u tp
(07:11 / Allies) Qrtsdhasidushai: or me?
(07:19 / Allies) EdEddNEddy: i got it

(08:28 / Allies) EdEddNEddy: gold plz
(08:42 / Allies) EdEddNEddy: ty

(11:11 / 10) NotHereLeaveMsg: leave the wood mill I use it to build tower killing blue
(11:51 / 10) NotHereLeaveMsg: moron
(12:10 / Allies) Qrtsdhasidushai: hit here
(12:48 / Allies) Qrtsdhasidushai: fuck off please
(13:22 / 10) NotHereLeaveMsg: you're such a garbage player lmao, faggot
(14:06 / 9) NotHereLeaveMsg: do you have any resources?
(14:34 / All) Qrtsdhasidushai: 2v4 struggling pretty sad
(14:35 / Allies) goldnuggetocrap: lol
(14:43 / All) CoMMaNdErHeXeS: were not :)\
(14:44 / All) EdEddNEddy: very
(14:57 / All) CoMMaNdErHeXeS: kk
(15:14 / Allies) Qrtsdhasidushai: purple
(15:16 / Allies) Qrtsdhasidushai: fuck off please
(15:17 / Allies) Qrtsdhasidushai: we can win this
(15:42 / Allies) NotHereLeaveMsg: You killed my peasant, you're a tk
(15:48 / Allies) Qrtsdhasidushai: bro stf
(16:41 / Allies) Qrtsdhasidushai: green expo
(16:48 / Allies) Qrtsdhasidushai: b
(16:51 / Allies) Qrtsdhasidushai: im not with you bro
(16:56 / Allies) Qrtsdhasidushai: .b
(16:57 / Allies) Qrtsdhasidushai: b
(16:57 / Allies) Qrtsdhasidushai: b
(16:57 / Allies) Qrtsdhasidushai: b
(16:58 / Allies) Qrtsdhasidushai: b
(17:46 / All) Qrtsdhasidushai: gg
(17:49 / All) Qrtsdhasidushai: retarded purple
(17:55 / All) Qrtsdhasidushai: retarded team as fuck
(17:57 / Allies) Qrtsdhasidushai: nice try bro
(17:57 / All) EdEddNEddy: sorry blue
(17:58 / All) NotHereLeaveMsg: Fuck you tk
(17:59 / All) EdEddNEddy: tried
(18:10 / Allies) NotHereLeaveMsg: gg yellow we had tks
(18:11 / All) sunshine27: the anger lol